[Event "*** Titled Tuesday Blitz"]
[Site "Chess.com"]
[Date "2020.04.21"]
[Round "8"]
[White "Natalya_Buksa"]
[Black "Stewie_89"]
[Result "0-1"]
[WhiteElo "2478"]
[BlackElo "2635"]
[TimeControl "180+1"]
[EndTime "11:39:16 PDT"]
[Termination "Stewie_89 won by resignation"]

1. e4 Nf6 2. e5 Nd5 3. d4 d6 4. Nf3 g6 5. c4 Nb6 6. Nc3 Bg7 7. Bf4 O-O 8. h3 Nc6 9. Be2 dxe5 10. dxe5 Be6 11.
b3 f6 12. O-O fxe5 13. Be3 Nd4 14. Ng5 Bf5 15. Nge4 c6 16. b4 Qc7 17. Bg4 Bxg4 18. Qxg4 Qc8 19. Qh4 Nf5 20. Qg5 Bh6 21. Qg4 Nxe3 22.
fxe3 Qxg4 23. hxg4 Bxe3+ 24. Kh1 Rxf1+ 25. Rxf1 Nxc4 26. b5 Bd4 27. bxc6 bxc6 28. Na4 Ne3 29. Rc1 Rf8 30. Ng3 Rf2 31. Rxc6 Rxg2 32. Nf1 Rxg4 33. Nxe3 Bxe3 34. Nc3 Rg1+ 35. Kh2 Rc1 36. Rc8+ Kf7 37. Rc7 Bd4 38. Nd5 Rxc7 39. Nxc7 e6 40. Kg3 h5 41. Nb5 g5 42.
Nd6+ Kf6 43. Ne4+ Kg6 44. Nd6 Be3 45. Ne4 Bf4+ 46. Kf3 g4+ 47. Kg2 h4 48. Nd6 Kg5 49. a4 h3+ 50. Kf2 g3+ 51. Kf3 g2 52. Kf2 Be3+ 53. Kxe3 g1=Q+ 54. Kf3 Qf1+ 55. Ke3 Qe1+ 56. Kf3 Qd1+ 57. Kg3 Qxd6 0-1

[Event "*** Titled Tuesday Blitz"]
[Site "Chess.com"]
[Date "2020.04.21"]
[Round "8"]
[White "JLRHei"]
[Black "HarryCun"]
[Result "1-0"]
[WhiteElo "2272"]
[BlackElo "2161"]
[TimeControl "180+1"]
[EndTime "11:39:16 PDT"]
[Termination "JLRHei won by resignation"]

1. d4 c6 2. c4 d5 3. Nf3 Nf6 4. g3 Bf5 5. Bg2 e6 6. O-O Nbd7 7. Nc3 Be7 8. b3 O-O 9. Bb2 Ne4 10. Nd2 Nxc3 11.
Bxc3 Bg6 12. a4 Nf6 13. a5 a6 14. e3 Ne4 15. Nxe4 dxe4 16. Qe2 Bf6 17. Bb4 Re8 18. Rad1 Qc7 19. h4 h6 20. Qc2 e5 21. d5 cxd5 22. Rxd5 Rad8 23. Rfd1 Rxd5 24. Rxd5 Be7 25.
Bc3 f6 26. Bxe4 Bf7 27. Rd2 Bc5 28. Bd5 Rd8 29. Bxf7+ Kxf7 30. Rxd8 Qxd8 31. Qd2 Qc7 32. Qd5+ Kf8 33. h5 b6 34. Qa8+ Ke7 35. Qxa6 Qd6 36. Qb7+ Kf8 37. axb6 Qd1+ 38. Kg2 Bxe3 39. Qf3 Qxf3+ 40.
Kxf3 Bxb6 41. b4 Ke7 42. c5 Bc7 43. Ke4 Ke6 44. b5 f5+ 45. Kd3 Kd5 46. Bb4 e4+ 47. Ke3 Be5 48. c6 Bd4+ 49. Kf4 Bb6 50. Kxf5 Kc4 51.
Bd6 Kxb5 52. c7 Bxc7 53. Bxc7 e3 54. fxe3 1-0

[Event "*** Titled Tuesday Blitz"]
[Site "Chess.com"]
[Date "2020.04.21"]
[Round "8"]
[White "stasiek18"]
[Black "Xeniya2005"]
[Result "1-0"]
[WhiteElo "2417"]
[BlackElo "2261"]
[TimeControl "180+1"]
[EndTime "11:39:17 PDT"]
[Termination "stasiek18 won by resignation"]

1. f4 d5 2. Nf3 c5 3. g3 Nc6 4. Bg2 g6 5. O-O Bg7 6. d3 Bf5 7. c3 e6 8. h3 h5 9. Nbd2 Nf6 10.
Ne5 g5 11. Nxf7 Kxf7 12. fxg5 Ke8 13. gxf6 Bxf6 14. e4 Bg6 15. exd5 exd5 16. Qf3 Rf8 17. Qxd5 Qxd5 18. Bxd5 Bxd3 19. Re1+ Kd7 20. Ne4 Bxe4 21. Bxe4 Rae8 22. Bh6 Rg8 23. Bf4 Re7 24. Rad1+ Ke8 25. Bxc6+ bxc6 26. Bd6 Rxe1+ 27. Rxe1+ Kd7 28. Bf4 Be7 29. Kf2 Rf8 30. Kf3 h4 31. gxh4 Bxh4 32. Rd1+ Kc8 33.
Rg1 Be7 34. Rg6 Kd7 35. Ke4 Rh8 36. Rg7 Ke6 37. Rg6+ Kd7 38. Rh6 Rg8 39. h4 Rg4 40. h5 Rh4 41. Kf5 Rh3 42. Rh7 Rf3 43. h6 Ke8 44.
Ke6 Rxf4 45. Rxe7+ Kf8 46. Rxa7 Rf2 47. h7 Rh2 48.
Ra8+ Kg7 49. h8=Q+ Rxh8 50. Rxh8 Kxh8 51. Kd6 Kg7 52.
Kxc6 1-0

[Event "*** Titled Tuesday Blitz"]
[Site "Chess.com"]
[Date "2020.04.21"]
[Round "8"]
[White "drd_davi"]
[Black "TV27"]
[Result "1-0"]
[WhiteElo "2496"]
[BlackElo "2154"]
[TimeControl "180+1"]
[EndTime "11:39:18 PDT"]
[Termination "drd_davi won on time"]

1. e4 c5 2. b3 Nc6 3. Bb2 e5 4.
f4 d6 5. Nf3 exf4 6. Bc4 Be6 7.
O-O Bxc4 8. bxc4 Nf6 9. Nc3 Be7 10. Nd5 O-O 11. d3 Ng4 12. Qd2 Ne3 13. Nxe3 fxe3 14.
Qxe3 Bf6 15. Rab1 Bxb2 16. Rxb2 Qe7 17. Qf4 b6 18. Nh4 Nd4 19. c3 Ne6 20. Qg3 Qg5 21.
Qxg5 Nxg5 22. Nf5 Rfd8 23. Rbf2 f6 24. Ne3 Nf7 25. Nd5 Ne5 26. Rd1 Rd7 27. h3 Kf7 28. Kh2 Nc6 29. g4 Ne5 30. Kg3 Ng6 31. h4 Ne7 32. g5 Nxd5 33. exd5 Re8 34. Rdf1 Re3+ 35.
Rf3 Rxf3+ 36. Rxf3 Re7 37. Kf4 Re2 38. gxf6 gxf6 39. h5 h6 40. Rg3 Rxa2 41. Rg6 Rf2+ 42. Ke3 Rh2 43. Rxh6 1-0

[Event "*** Titled Tuesday Blitz"]
[Site "Chess.com"]
[Date "2020.04.21"]
[Round "8"]
[White "reniite"]
[Black "tan275"]
[Result "0-1"]
[WhiteElo "1948"]
[BlackElo "2153"]
[TimeControl "180+1"]
[EndTime "11:39:18 PDT"]
[Termination "tan275 won by resignation"]

1. e4 c6 2. d4 d5 3. exd5 cxd5 4. c4 Nf6 5. Nc3 g6 6. Nf3 Bg7 7. c5 O-O 8. Qb3 Nc6 9. Bb5 Bg4 10. Ne5 Nxe5 11.
dxe5 Nd7 12. Qxd5 Nxe5 13. O-O a6 14. Ba4 Qxd5 15. Nxd5 Rfd8 16. Bb3 Nd3 17. Nxe7+ Kf8 18.
Nd5 Be2 19. Nb6 Rab8 20. Bg5 f6 21. Be3 Bxf1 22. Kxf1 f5 23. Be6 Ke7 24. Bc4 Nxb2 25. Re1 Kf8 26. Bg5 Nxc4 27. Nxc4 Re8 28. Nd6 Rxe1+ 29.
Kxe1 Bd4 30. Nc4 Bxc5 31. f3 Re8+ 32. Kd2 Be7 33. Bf4 Bf6 34. Kd3 Rd8+ 35. Kc2 b5 36. Ne3 Rc8+ 37. Kd2 Kf7 38. Bd6 Rd8 39. Kd3 Rxd6+ 40. Ke2 Rc6 41. Nd1 Rc2+ 42. Ke3 Rxg2 0-1

[Event "*** Titled Tuesday Blitz"]
[Site "Chess.com"]
[Date "2020.04.21"]
[Round "8"]
[White "Salem-AR"]
[Black "Sviridov_Valery"]
[Result "0-1"]
[WhiteElo "2985"]
[BlackElo "2875"]
[TimeControl "180+1"]
[EndTime "11:39:19 PDT"]
[Termination "Sviridov_Valery won on time"]

1. d4 g6 2. e4 Bg7 3. Nf3 d6 4. Bd3 a6 5. O-O b6 6. Re1 e6 7.
Nc3 Bb7 8. Ne2 Nd7 9. Ng3 Ne7 10. Qe2 h6 11. h3 O-O 12. c3 c5 13. Be3 cxd4 14. cxd4 b5 15. a4 bxa4 16. Rxa4 Nb6 17. Ra3 a5 18. Nh2 Nc6 19. Ng4 h5 20. Nxh5 gxh5 21.
Nh6+ Bxh6 22. Bxh6 Qf6 23. Qxh5 Qg6 24. Qh4 Nxd4 25.
Bb1 Nf5 26. Qg5 Nxh6 27. Qe7 Rfe8 28. Qxb7 Rab8 29. Qa6 Qf6 30. Rg3+ Kh8 31. Qxa5 d5 32. e5 Qf4 33. Rf3 Qg5 34. Rg3 Qh4 35. Qa7 Qe7 36.
Qa5 Nc4 37. Qc3 Rxb2 38. Bd3 Qb4 39. Qc1 Qd2 40. Bxc4 Qxc1 41. Rxc1 Rc8 42. Rgc3 Rxc4 43.
Rxc4 dxc4 44. Rxc4 Kg7 45. g4 Ng8 46. Kg2 Ne7 47.
Kg3 Nd5 48. f4 Rb3+ 49. Kh4 Ne3 50. Rc7 Kg6 51. f5+ exf5 52. Rc6+ Kg7 53. gxf5 Nxf5+ 54. Kg5 Nd4 55. Rc4 Ne6+ 56. Kg4 Re3 57. Kf5 Rxh3 58.
Rg4+ Kf8 59. Ra4 Rf3+ 60. Kg4 Rf1 61. Rb4 Kg7 62. Ra4 Kg6 63. Rb4 Rf5 0-1

[Event "*** Titled Tuesday Blitz"]
[Site "Chess.com"]
[Date "2020.04.21"]
[Round "8"]
[White "Oligan22"]
[Black "Unknown_IM"]
[Result "1-0"]
[WhiteElo "2451"]
[BlackElo "2543"]
[TimeControl "180+1"]
[EndTime "11:39:19 PDT"]
[Termination "Oligan22 won by resignation"]

1. e4 c5 2. Nf3 e6 3. d4 cxd4 4.
Nxd4 Nf6 5. Nc3 Nc6 6. Nxc6 bxc6 7. e5 Nd5 8. Ne4 Qc7 9. f4 Qb6 10. c4 Bb4+ 11. Ke2 f5 12. exf6 Nxf6 13. Be3 Qd8 14. Nd6+ Bxd6 15. Qxd6 Bb7 16. Rd1 c5 17. Qxc5 Ne4 18.
Qd4 Qe7 19. Kd3 Rc8 20. Kc2 d5 21. Kb1 O-O 22. Bd3 Nf6 23. c5 Nd7 24. Rc1 e5 25.
fxe5 Nxe5 26. Rhe1 Nxd3 27. Qxd3 Qe4 28. Qxe4 dxe4 29.
Rcd1 Bc6 30. Rd6 Rf6 31. b3 Kf7 32. Kb2 Rxd6 33. cxd6 Ke6 34. Rd1 a6 35. b4 Rd8 36.
Bc5 Bd5 37. a3 g5 38. Kc3 Bc6 39. Rf1 h5 40. Kd4 Ra8 41. Rb1 Rf8 42. Ke3 Rd8 43. Ra1 Rb8 44. Rf1 Re8 45. g3 Ra8 46. Ra1 a5 47. Rc1 axb4 48. Bxb4 Bd7 49. Rc5 Re8 50. Rxg5 Bc6 51. Rxh5 Rf8 52. Rh6+ Kd7 53. Rh7+ Kd8 54. Rc7 Rf3+ 55. Kd4 Rd3+ 56. Ke5 e3 57. Rxc6 e2 58. Rc4 Re3+ 59. Re4 1-0

[Event "*** Titled Tuesday Blitz"]
[Site "Chess.com"]
[Date "2020.04.21"]
[Round "8"]
[White "BakaPG"]
[Black "nfds"]
[Result "1-0"]
[WhiteElo "2707"]
[BlackElo "2540"]
[TimeControl "180+1"]
[EndTime "11:39:21 PDT"]
[Termination "BakaPG won on time"]

1. e4 e5 2. Nf3 Nc6 3. Bb5 a6 4. Ba4 Nf6 5. O-O Nxe4 6. d4 b5 7. Bb3 d5 8. dxe5 Be6 9. Nbd2 Be7 10. c3 O-O 11. Bc2 Nxd2 12. Bxd2 Bg4 13. Re1 Qd7 14. Bf4 Rad8 15. Qd3 g6 16. Nd4 Nxd4 17.
cxd4 c5 18. dxc5 Bxc5 19. Bg5 Rc8 20. Qg3 Rfe8 21. Bb3 Bb4 22. Re3 Bd2 23. Bf6 Qf5 24. h3 Bh5 25. Bxd5 Rc5 26. Be4 Qc8 27. Qf4 Rc1+ 28.
Rxc1 Qxc1+ 29. Kh2 Bxe3 30. fxe3 Qc5 31. g4 Bxg4 32.
hxg4 a5 33. Kg3 Rc8 34. e6 fxe6 35. Bd4 Qe7 36. Qe5 Qc7 37. Qxc7 Rxc7 38. Kf4 b4 39. Ke5 Kf7 40. Kd6 Rc8 41. Bc6 Rb8 42. Bd7 b3 43. Bxe6+ Ke8 44. Bxb3 Rd8+ 45. Ke6 h5 46. gxh5 gxh5 47.
Bf6 Rb8 48. e4 Rb6+ 49. Kf5 Rb5+ 50. e5 Kf8 51. Kg6 a4 52. Bxa4 Rxb2 53. Bb3 Rg2+ 54. Kxh5 1-0

[Event "*** Titled Tuesday Blitz"]
[Site "Chess.com"]
[Date "2020.04.21"]
[Round "8"]
[White "petincash"]
[Black "JulAnt"]
[Result "1/2-1/2"]
[WhiteElo "2345"]
[BlackElo "2481"]
[TimeControl "180+1"]
[EndTime "11:39:21 PDT"]
[Termination "Game drawn by repetition"]

1. e4 c5 2. Nc3 e6 3. Nf3 d6 4.
d4 cxd4 5. Nxd4 Nf6 6. g4 h6 7. h4 Nc6 8. Nxc6 bxc6 9. Be3 e5 10.
Rg1 Be6 11. g5 hxg5 12. hxg5 Nd7 13. Be2 Rb8 14. b3 Qa5 15. Bd2 Qc7 16. g6 fxg6 17.
Bg4 Bf7 18. Qf3 Nf6 19. Bh3 Be7 20. Rd1 d5 21. Bf1 d4 22. Na4 Bb4 23. Nb2 Be7 24.
Bc4 Rh4 25. Bxf7+ Kxf7 26. Bg5 Rh5 27. Nd3 Rbh8 28. Ke2 Rh3 29. Rg3 Rh2 30. Rdg1 Ke8 31. Bxf6 Bxf6 32. Rxg6 Qe7 33. Qf5 R8h5 34. Qc8+ Kf7 35.
Qxc6 Kg8 36. Qd5+ Kh7 37. b4 Qc7 38. Qc5 Qd7 39. R6g4 Rh6 40. Qd5 Qa4 41. Qb3 Qc6 42. b5 Qb7 43. a4 Qc7 44. R1g2 Rh1 45. Rg1 R1h2 46. Qa2 Qc3 47. Qb3 Qc7 1/2-1/2

[Event "*** Titled Tuesday Blitz"]
[Site "Chess.com"]
[Date "2020.04.21"]
[Round "8"]
[White "Yuri202062"]
[Black "ftorodent"]
[Result "1/2-1/2"]
[WhiteElo "2502"]
[BlackElo "2649"]
[TimeControl "180+1"]
[EndTime "11:39:22 PDT"]
[Termination "Game drawn by repetition"]

1. d4 d5 2. c4 e6 3. Nc3 Be7 4. cxd5 exd5 5. Bf4 c6 6. Qc2 Bd6 7. Bxd6 Qxd6 8. e3 Ne7 9. Bd3 b6 10. Nf3 Ba6 11. O-O Bxd3 12. Qxd3 Nd7 13. e4 O-O 14. Rfe1 dxe4 15. Nxe4 Qg6 16. Qa6 Rfe8 17.
Nc3 Qd6 18. Re2 Nf8 19. Ne4 Qc7 20. Rae1 Ne6 21. Nc3 Rad8 22. Qc4 Qd7 23. g3 Kf8 24. Re4 Nd5 25. Ne5 Qd6 26. Qxc6 Nf6 27. R4e3 Nxd4 28. Qxd6+ Rxd6 29. Nc4 Rxe3 30. fxe3 Nf3+ 31. Kf2 Nxe1 32.
Nxd6 Nd3+ 33. Ke2 Nxb2 34. Nc8 Nd7 35. Nxa7 Ke7 36. Nab5 Nc4 37. Kd3 Nce5+ 38. Ke4 Ng4 39. Nd5+ Kd8 40. h4 Nf2+ 41. Kf3 Nd3 42. Ke4 N3c5+ 43.
Kd4 Ne6+ 44. Ke4 Ndc5+ 45. Kf3 Nd7 46. Ke4 Nec5+ 47. Kd4 Ne6+ 48. Ke4 1/2-1/2

[Event "*** Titled Tuesday Blitz"]
[Site "Chess.com"]
[Date "2020.04.21"]
[Round "8"]
[White "Vamostodorecto"]
[Black "DanielTitichoca"]
[Result "1-0"]
[WhiteElo "2478"]
[BlackElo "2328"]
[TimeControl "180+1"]
[EndTime "11:39:22 PDT"]
[Termination "Vamostodorecto won by checkmate"]

1. d4 Nf6 2. c4 g6 3. Nc3 Bg7 4. e4 d6 5. Be2 O-O 6. Nf3 e5 7.
O-O Nc6 8. d5 Ne7 9. Ne1 Ne8 10.
Be3 f5 11. f3 f4 12. Bf2 g5 13. c5 Ng6 14. Rc1 Rf7 15. Nb5 Bf8 16. cxd6 cxd6 17. a4 h5 18. Nxa7 Rxa7 19. Bxa7 Rg7 20. Kh1 g4 21. Bb6 Qxb6 22. Rxc8 Nf6 23. Qc2 Nh4 24. Nd3 Nh7 25. Bd1 g3 26. Rb8 gxh2 27.
Qf2 Qxf2 28. Rxf2 Ng5 29. Kxh2 Kf7 30. Rxb7+ Be7 31. a5 Ng6 32. a6 h4 33. a7 h3 34.
a8=Q hxg2 35. Rxg2 Nh4 36. Rxe7+ Kxe7 37. Qb7+ Kf6 38.
Qxg7+ Kxg7 39. Rxg5+ Kf6 40. Rg4 Ng6 41. Rxg6+ Kxg6 42.
Nxe5+ Kg5 43. Nd3 Kh4 44. Nxf4 Kg5 45. Ne2 Kh4 46. b4 Kg5 47. Kg3 Kf6 48. b5 Ke5 49. b6 Kf6 50. b7 Ke5 51. b8=Q Kf6 52. Qxd6+ Kg5 53. Qf4+ Kh5 54. Qg4+ Kh6 55. d6 Kh7 56. d7 Kh6 57. d8=Q Kh7 58. Qdh4# 1-0

[Event "*** Titled Tuesday Blitz"]
[Site "Chess.com"]
[Date "2020.04.21"]
[Round "8"]
[White "DanielDardha2005"]
[Black "ElGasanov"]
[Result "1-0"]
[WhiteElo "2607"]
[BlackElo "2731"]
[TimeControl "180+1"]
[EndTime "11:39:25 PDT"]
[Termination "DanielDardha2005 won on time"]

1. Nf3 d5 2. c4 d4 3. b4 c5 4. bxc5 Nc6 5. g3 e5 6. d3 Bxc5 7. Bg2 Nf6 8. O-O O-O 9. Ba3 Nd7 10. Nfd2 Qe7 11. Qc1 f5 12. Bxc5 Nxc5 13. Nb3 Ne6 14. Na3 Bd7 15. Nb5 a6 16. Na3 Ng5 17. c5 e4 18. Nc4 Rad8 19. Nd6 Be6 20. Rb1 b5 21. h4 Nf7 22. dxe4 Nxd6 23. cxd6 Qxd6 24. exf5 Bd5 25. Qc5 Rxf5 26. Qxd6 Rxd6 27. Rbc1 Bxg2 28. Kxg2 Re5 29.
Rfe1 Nb4 30. a3 Na2 31. Rc2 Nc3 32. Nxd4 Ne4 33. Nf3 Red5 34. Rec1 h6 35. e3 a5 36. Rb2 Rb6 37. Nd4 b4 38. axb4 axb4 39.
Rcb1 Rf6 40. Rc1 Rd8 41. Rc4 Rdf8 42. f3 Nc3 43. Rcxb4 Nd1 44. R2b3 Rd8 45. Rb8 1-0

[Event "*** Titled Tuesday Blitz"]
[Site "Chess.com"]
[Date "2020.04.21"]
[Round "8"]
[White "Onwgs"]
[Black "cassoulet"]
[Result "1-0"]
[WhiteElo "2499"]
[BlackElo "2623"]
[TimeControl "180+1"]
[EndTime "11:39:25 PDT"]
[Termination "Onwgs won by resignation"]

1. e4 g6 2. d4 Bg7 3. Nc3 c5 4. Nf3 cxd4 5. Nxd4 Nc6 6. Be3 Nf6 7. f3 O-O 8. Bc4 d6 9. Qd2 Nxd4 10. Bxd4 Qa5 11.
O-O Qb4 12. Qd3 Be6 13. Bxe6 fxe6 14. a3 Qa5 15. Rad1 e5 16. Be3 Rac8 17. Rf2 a6 18. Nd5 Nxd5 19. Qxd5+ Qxd5 20. Rxd5 Rc6 21. Rfd2 Rfc8 22.
c3 Kf7 23. Kf2 b5 24. a4 bxa4 25. Ra5 Rc4 26. Rxa6 Rb8 27. Ra7 Ke6 28. Ke2 Bf6 29. Kd3 Rbc8 30. Rd1 d5 31. exd5+ Kxd5 32. Ra1 Ke6 33.
R1xa4 R4c6 34. R4a6 Kd6 35. Rxc6+ Kxc6 36. Ke4 Rb8 37. b4 Kb5 38. Rc7 Ra8 39. g4 g5 40.
Rc5+ Ka4 41. Kd5 Kb3 42. b5 e4 43. Kxe4 Bxc3 44. b6 Bb4 45. Rc7 Bd6 46. Rd7 Kc4 47.
Bxg5 Kb5 48. b7 Re8 49. Kd5 Kb6 50. Bxe7 Bxh2 51. Bc5+ Ka6 52. Bd6 Bxd6 53. Kxd6 Ka7 54. Rxh7 Rf8 55. Rh3 Kxb7 56. g5 Kc8 57. g6 Kd8 58.
Ke6 Ke8 59. g7 Rg8 60. Rh8 1-0

[Event "*** Titled Tuesday Blitz"]
[Site "Chess.com"]
[Date "2020.04.21"]
[Round "8"]
[White "abhijeetgupta1016"]
[Black "Sharpchess22"]
[Result "1-0"]
[WhiteElo "2917"]
[BlackElo "2753"]
[TimeControl "180+1"]
[EndTime "11:39:26 PDT"]
[Termination "abhijeetgupta1016 won by resignation"]

1. d4 Nf6 2. c4 e6 3. Nf3 Bb4+ 4. Nbd2 d5 5. g3 O-O 6. Bg2 b6 7. O-O Bb7 8. Ne5 Bd6 9. cxd5 exd5 10. Ndc4 Be7 11.
Bg5 Re8 12. Rc1 h6 13. Bxf6 Bxf6 14. f4 c6 15. Nd2 Na6 16. e4 c5 17. exd5 cxd4 18.
Nc6 Bxc6 19. dxc6 d3 20. c7 Qd4+ 21. Kh1 Rac8 22. Bb7 Nc5 23. Bxc8 Rxc8 24. Nf3 Qxb2 25.
Qd2 Rxc7 26. Rc4 Qxd2 27. Nxd2 Re7 28. Kg2 g6 29. Kf3 Re2 30. Rf2 Re1 31. Nb3 Be7 32.
Rd2 Rf1+ 33. Kg2 Rb1 34. Nxc5 Bxc5 35. Kh3 h5 36. a4 a5 37. Rxd3 Rb2 38. Rdc3 Bb4 39.
Rc2 Rb3 40. Re2 Ra3 41. Rc8+ Kg7 42. Kh4 Rxa4 43. Ree8 Kf6 44. Rc6+ Kg7 45. Rxb6 Ra2 46. h3 Rg2 47. Rbb8 Be1 48. Rxe1 Ra2 49. Re7 Ra4 50.
Rbb7 1-0

[Event "*** Titled Tuesday Blitz"]
[Site "Chess.com"]
[Date "2020.04.21"]
[Round "8"]
[White "SlavenPastar"]
[Black "Hippotaner"]
[Result "1-0"]
[WhiteElo "2387"]
[BlackElo "2220"]
[TimeControl "180+1"]
[EndTime "11:39:26 PDT"]
[Termination "SlavenPastar won by resignation"]

1. d4 Nf6 2. c4 c5 3. d5 d6 4. Nf3 g6 5. Nc3 Bg7 6. Bg5 O-O 7. e3 a6 8. Be2 Nbd7 9. Nd2 h6 10. Bh4 Ne8 11. O-O Rb8 12. a4 f5 13. f4 Ndf6 14.
Bd3 Bd7 15. Qc2 e5 16. dxe6 Bxe6 17. e4 Qd7 18. Rad1 Ng4 19. Rf3 Bd4+ 20. Kh1 Ne3 21.
Qb1 Nxd1 22. Nxd1 Nf6 23. Rg3 Kh7 24. exf5 Bxf5 25. Nf3 Bxd3 26. Qxd3 Qf5 27. Nxd4 Qxd3 28. Rxd3 cxd4 29. Rxd4 Ng4 30. h3 Nf6 31. Nc3 Rbd8 32. Nd5 g5 33. fxg5 Nxd5 34. g6+ Kxg6 35. Bxd8 Ne3 36.
Rxd6+ Kf5 37. b3 Ke5 38. Bc7 Rf1+ 39. Kh2 Ke4 40. Re6+ Kd3 41. a5 Rf2 42. Rg6 Kc3 43. Rg3 Re2 44. Bf4 Kxb3 45. Rxe3+ Rxe3 46. Bxe3 Kxc4 47.
Bb6 Kd5 48. g4 Ke6 49. Kg3 Kf7 50. h4 Kg7 51. Kf4 Kf7 52. g5 1-0

[Event "*** Titled Tuesday Blitz"]
[Site "Chess.com"]
[Date "2020.04.21"]
[Round "8"]
[White "GMMarcinDziuba"]
[Black "DejanNestor64"]
[Result "1/2-1/2"]
[WhiteElo "2688"]
[BlackElo "2437"]
[TimeControl "180+1"]
[EndTime "11:39:27 PDT"]
[Termination "Game drawn by repetition"]

1. Nf3 Nf6 2. e3 e6 3. b3 d5 4.
Bb2 Bd6 5. c4 O-O 6. Nc3 a6 7. Qc2 c5 8. cxd5 exd5 9. d4 Nc6 10.
dxc5 Bxc5 11. Be2 d4 12. exd4 Nxd4 13. Nxd4 Qxd4 14. O-O Qf4 15. Nd5 Nxd5 16. Qxc5 Be6 17. Bf3 Rfd8 18. Rfd1 Rac8 19. Qd4 Qxd4 20. Rxd4 Rd7 21.
Rad1 Rcd8 22. h4 h6 23. Kh2 b5 24. Rc1 Ne7 25. Rxd7 Rxd7 26. Rd1 Rxd1 27. Bxd1 f6 28. g4 Kf7 29. Kg3 g5 30. h5 f5 31.
gxf5 Bxf5 32. f4 Ng8 33. fxg5 hxg5 34. Bf3 Nf6 35. h6 Ne4+ 36. Kg2 Kg6 37. Bg7 g4 38. Be2 Ng5 39. Kg3 Ne6 40. Bxg4 Bxg4 41. Kxg4 Nxg7 42.
hxg7 Kxg7 43. Kf5 Kf7 44. Ke5 Ke7 45. Kd5 Kd7 46. Kc5 Kc7 47. b4 Kb7 48. Kd6 Kb6 49.
Kd7 Kb7 50. a3 Kb6 51. Kc8 a5 52. Kd7 axb4 53. axb4 Kb7 54. Kd6 Kb6 55. Kd5 Kb7 56.
Kc5 Kc7 57. Kd5 Kb7 58. Kd6 Kb6 59. Kd5 Kb7 1/2-1/2

[Event "*** Titled Tuesday Blitz"]
[Site "Chess.com"]
[Date "2020.04.21"]
[Round "8"]
[White "QueenOfTactics90"]
[Black "ntmh281"]
[Result "0-1"]
[WhiteElo "1937"]
[BlackElo "2245"]
[TimeControl "180+1"]
[EndTime "11:39:27 PDT"]
[Termination "ntmh281 won by resignation"]

1. e4 e6 2. Qe2 Be7 3. Nf3 d5 4.
e5 c5 5. g3 Nc6 6. c3 Nh6 7.
d3 Nf5 8. Bg2 O-O 9. O-O b5 10.
h4 a5 11. Bf4 b4 12. Nbd2 Ba6 13. c4 Ncd4 14. Nxd4 Nxd4 15. Qg4 Rc8 16. h5 Re8 17.
Bh6 Bf8 18. Bg5 Qc7 19. f4 Bb7 20. h6 g6 21. Qh4 Nf5 22. Qh3 Ne3 23. Bf6 Nxf1 24.
Rxf1 Be7 25. Qh4 Qd8 26. g4 Bxf6 27. exf6 Rc7 28. f5 exf5 29. gxf5 Kh8 30. fxg6 hxg6 31.
h7 Qd6 32. Qh6 Qf8 33. Qh4 dxc4 34. Nxc4 Bxg2 35. Kxg2 Rd7 36. Nb6 Rd4 37. Qg5 Re2+ 38. Kg1 Rxd3 39. Rf4 Ree3 40. Rh4 Rg3+ 41. Qxg3 Rxg3+ 42.
Kf2 Rg5 43. Ke3 Qe8+ 44. Kf4 Rf5+ 45. Kg3 Qe1+ 46. Kg4 Qe4+ 47. Kg3 Rf3+ 48. Kg2 Qxh4 49. Kxf3 Qxf6+ 50. Ke3 Qxb6 51. Kd3 Kxh7 52. Kc4 g5 0-1

[Event "*** Titled Tuesday Blitz"]
[Site "Chess.com"]
[Date "2020.04.21"]
[Round "8"]
[White "eljanov"]
[Black "vanea_03"]
[Result "1-0"]
[WhiteElo "2809"]
[BlackElo "2655"]
[TimeControl "180+1"]
[EndTime "11:39:28 PDT"]
[Termination "eljanov won by resignation"]

1. Nf3 d5 2. g3 Bg4 3. Bg2 Nd7 4. O-O e6 5. h3 Bh5 6. d4 Bd6 7. c4 c6 8. Qb3 Qb6 9. Nc3 Qxb3 10. axb3 Ngf6 11.
c5 Bc7 12. b4 O-O 13. b5 e5 14.
e3 Rfe8 15. Nd2 exd4 16. exd4 Bg6 17. Ra3 a6 18. b6 Bd8 19. Nb3 Bd3 20. Na5 Bxf1 21.
Kxf1 Nxb6 22. cxb6 Bxb6 23. Be3 Re7 24. b4 Ne8 25. Na4 Bxa5 26. bxa5 Nd6 27. Nb6 Rae8 28.
g4 f6 29. Bf3 Kf7 30. Kg2 Nb5 31. Rb3 Nd6 32. Bf4 Nb5 33. Be3 Nd6 34. Be2 g5 35. Bd3 Kg7 36. Na4 Nb5 37. Nc5 h6 38. Bf5 Nd6 39. Bd7 Rh8 40. f4 Nc4 41. Kf2 Nxe3 42. Rxe3 Rxe3 43. Kxe3 Rb8 44. f5 Kf7 45. Kd3 Ke7 46.
Kc3 Kd6 47. Be6 Kc7 48. Nd7 Kd6 49. Nxb8 1-0

[Event "*** Titled Tuesday Blitz"]
[Site "Chess.com"]
[Date "2020.04.21"]
[Round "8"]
[White "wadsy27"]
[Black "stanyga"]
[Result "0-1"]
[WhiteElo "2504"]
[BlackElo "2715"]
[TimeControl "180+1"]
[EndTime "11:39:28 PDT"]
[Termination "stanyga won on time"]

1. c4 e5 2. g3 Nf6 3. Bg2 d5 4.
cxd5 Nxd5 5. Nc3 Nb6 6. Nf3 Nc6 7. O-O g6 8. d3 Bg7 9. Be3 O-O 10. Rc1 Re8 11.
a3 Nd4 12. Bxd4 exd4 13. Ne4 Nd5 14. Qa4 c6 15. Rfe1 a5 16. Qb3 a4 17. Qa2 Be6 18.
Nc5 Bc8 19. Qc4 b6 20. Nxa4 b5 21. Qxc6 Rxa4 22. Qxb5 Ra5 23. Qc4 Ba6 24. Qc2 Bh6 25.
Nxd4 Bxc1 26. Rxc1 Qd6 27. Qc6 Qxc6 28. Nxc6 Rb5 29.
a4 Rxb2 30. Bxd5 Rexe2 31. Rf1 Bxd3 32. a5 Red2 33. Re1 Rxf2 34. Ne5 Rf5 35. Bxf7+ Rxf7 36. Nxd3 Ra2 37. Re5 Ra1+ 38. Kg2 Ra2+ 39. Kh3 Ra7 40. Nf4 R2xa5 41. Re8+ Kf7 42. Rh8 Kg7 43. Rb8 Re5 44. Kg4 h5+ 45. Kh3 Ree7 0-1

[Event "*** Titled Tuesday Blitz"]
[Site "Chess.com"]
[Date "2020.04.21"]
[Round "8"]
[White "UCantHandleDenker"]
[Black "1977Ivan"]
[Result "1/2-1/2"]
[WhiteElo "2543"]
[BlackElo "2690"]
[TimeControl "180+1"]
[EndTime "11:39:28 PDT"]
[Termination "Game drawn by repetition"]

1. Nf3 c5 2. c4 Nc6 3. Nc3 g6 4. g3 Bg7 5. Bg2 d6 6. O-O h5 7. a3 Bd7 8. Rb1 Qc8 9. h4 Nh6 10. b4 Bh3 11. bxc5 Bxg2 12. Kxg2 Bxc3 13. dxc3 dxc5 14.
Qd5 b6 15. Bxh6 Rxh6 16. Rbd1 Rh8 17. Rd3 Kf8 18. Rfd1 Kg7 19. Qe4 Qe6 20. Qxe6 fxe6 21. Ng5 e5 22. Rd7 Rac8 23. R1d5 Rhe8 24. f4 exf4 25.
gxf4 Kf6 26. e4 Na5 27. R5d6+ Kg7 28. f5 gxf5 29. exf5 Rc6 30. Rxc6 Nxc6 31. Rc7 Ne5 32. Rxa7 Nxc4 33. Ne4 Ne3+ 34. Kf3 Nxf5 35. Kf4 Nxh4 36.
Kg5 Nf3+ 37. Kxh5 Rh8+ 38. Kg4 Ne5+ 39. Kf4 Ng6+ 40. Kg5 Rf8 41. Ng3 Rf7 42. Nf5+ Kh7 43. Rb7 Ne5 44. Rxb6 Nf3+ 45. Kg4 Ne5+ 46. Kg5 Nf3+ 47.
Kg4 Nh2+ 48. Kg5 Nf3+ 1/2-1/2

[Event "*** Titled Tuesday Blitz"]
[Site "Chess.com"]
[Date "2020.04.21"]
[Round "8"]
[White "Saloni1299"]
[Black "kingofthenil"]
[Result "1-0"]
[WhiteElo "2298"]
[BlackElo "2494"]
[TimeControl "180+1"]
[EndTime "11:39:28 PDT"]
[Termination "Saloni1299 won on time"]

1. e4 c5 2. Nf3 a6 3. c3 e6 4. d4 d5 5. e5 Bd7 6. a4 Nc6 7.
Be3 Nge7 8. dxc5 Nf5 9. Bd4 b6 10. cxb6 Nfxd4 11. cxd4 Qxb6 12. b3 Bb4+ 13. Nbd2 Nxd4 14.
Bd3 Nxf3+ 15. Qxf3 Qd4 16. Ke2 Qxe5+ 17. Qe3 Qxe3+ 18.
fxe3 f5 19. Nf3 Ke7 20. Rac1 Kd6 21. Nd4 Bc5 22. Nc2 a5 23. Nd4 Rab8 24. Nb5+ Ke7 25. Rxc5 Bxb5 26. Bxb5 Kd6 27. Rhc1 g5 28. Rc7 h5 29.
R1c6+ Ke5 30. Re7 Rh6 31. g3 h4 32. gxh4 gxh4 33. Kd3 h3 34. Rcc7 Rg8 35. Rh7 Rgg6 36. Be8 Rf6 37. Rcg7 f4 38. exf4+ Kxf4 39. Bc6 Kf3 40.
Rg3+ Kf2 41. Rxh3 Rxh7 42. Rxh7 Rf3+ 43. Kc2 Kg2 44. Rh6 Rf2+ 45. Kc3 Rf3+ 46. Kb2 Rf2+ 47. Ka3 Kf1 48. Rxe6 d4 49. Rd6 Rf4 50. h3 Rh4 51.
Bd7 Ke2 52. b4 Ke3 53. bxa5 Rh7 54. Bg4 d3 55. a6 Rh6 56. Rxh6 d2 57. a7 1-0

[Event "*** Titled Tuesday Blitz"]
[Site "Chess.com"]
[Date "2020.04.21"]
[Round "8"]
[White "Gubajdullin"]
[Black "afgano29"]
[Result "1/2-1/2"]
[WhiteElo "2459"]
[BlackElo "2650"]
[TimeControl "180+1"]
[EndTime "11:39:32 PDT"]
[Termination "Game drawn by repetition"]

1. d4 Nf6 2. Bf4 d6 3. e3 g6 4. Nf3 Nh5 5. Bg5 h6 6. Bh4 g5 7. Nfd2 Ng7 8. Bg3 Nf5 9. c3 Bg7 10. e4 Nxg3 11. hxg3 c5 12. d5 Nd7 13. Nc4 Nf6 14.
Nbd2 b5 15. Ne3 Rb8 16. a4 a6 17. axb5 axb5 18. b4 Nd7 19. Rc1 Nf6 20. Qf3 c4 21.
Nf5 Bxf5 22. Qxf5 Qd7 23. Qf3 Ng4 24. Qd1 Ne5 25. f4 Ng4 26. Qf3 h5 27. e5 gxf4 28. gxf4 dxe5 29. f5 Qa7 30. Ne4 Nf6 31. Rd1 Nxe4 32. Qxe4 Bf6 33. Be2 h4 34. d6 Qb7 35.
d7+ Kd8 36. Qe3 Qxg2 37. Bf3 Qg3+ 38. Ke2 e4 39. Qxe4 Qe5 40. Qxe5 Bxe5 41. Bc6 Bxc3 42.
Rh3 Bxb4 43. Rb1 Bd6 44. Rxb5 Rxb5 45. Bxb5 c3 46. Rxc3 Bc7 47. Ra3 Bb8 48. Rc3 Bc7 49. Ra3 Bb8 50. Rc3 Bc7 1/2-1/2